 Dungeon Crawl Stone Soup version 0.22-a0-305-gd21a89c (webtiles) character file.

219 budo the Cutter (level 6, -1/38 HPs)
             Began as a Kobold Berserker on Mar 30, 2018.
             Was a Believer of Trog.
             Slain by a gnoll
             ... wielding a +0 spear
              (7 damage)
             ... on level 3 of the Dungeon.
             The game lasted 00:08:49 (2348 turns).

budo the Cutter (Kobold Berserker)                  Turns: 2348, Time: 00:08:50

Health: -1/38      AC:  4    Str: 14    XL:     6   Next: 18%
Magic:  6/6        EV: 17    Int:  9    God:    Trog [**....]
Gold:   52         SH:  5    Dex: 16    Spells: 5/5 levels left

rFire    . . .     SeeInvis .   a - +0 short sword
rCold    . . .     Gourm    .   (shield restricted)
rNeg     . . .     Faith    .   b - +1 animal skin
rPois    .         Spirit   .   l - +0 helmet
rElec    .         Reflect  +   (no cloak)
rCorr    .         Harm     .   (no gloves)
MR       .....                  (no boots)
Stlth    +++.......             n - +5 amulet of reflection
HPRegen  0.12/turn              (no ring)
MPRegen  0.10/turn              (no ring)

@: lethally poisoned (-1 -> -5), berserk cooldown, hasted, very quick
A: small, carnivore
a: Berserk, Trog's Hand, Renounce Religion


You were on level 3 of the Dungeon.
You worshipped Trog.
Trog was pleased with you.
You were full.

You visited 1 branch of the dungeon, and saw 3 of its levels.

You collected 52 gold pieces.

Inventory:

Hand Weapons
 a - a +0 short sword (weapon)
 d - a +0 blowgun
Missiles
 e - 37 stones (quivered)
 k - 3 curare-tipped needles
Armour
 b - a +1 animal skin (worn)
 l - a +0 helmet (worn)
Jewellery
 f - an uncursed amulet of magic regeneration
 n - a +5 amulet of reflection (around neck)
Scrolls
 i - 3 scrolls of identify
 m - 2 scrolls of remove curse
 o - a scroll of teleportation {unknown}
Comestibles
 c - 6 rations


   Skills:
 + Level 4.3 Fighting
 + Level 5.1 Short Blades
 - Level 1.5 Armour
 + Level 3.9 Dodging
 * Level 4.8 Stealth


You had 5 spell levels left.
You didn't know any spells.

Dungeon Overview and Level Annotations

Branches:
Dungeon (3/15)

Altars:


Innate Abilities, Weirdness & Mutations

You are small and have problems with some larger weapons.
You are carnivorous and can eat meat at any time.


Message History

The adder is heavily wounded.
The adder bites you.
You hit the adder.
The adder is almost dead.
You block the adder's attack.
You hit the adder.
You kill the adder!
Trog accepts your kill.
You feel sick. The gnoll barely misses you. The gnoll shaman barely misses you.
Things that are here:
a flail; a spear You hit the gnoll shaman.
The gnoll shaman is heavily wounded.
The gnoll hits you from afar with a spear.
* * * LOW HITPOINT WARNING * * *
You closely miss the gnoll shaman.
The gnoll shaman is heavily wounded.
The gnoll shaman completely misses you.
The gnoll hits you from afar with a spear!
You die...

#...$.>># #.......#
########### #.......#
#..........
#.......########..........
#.........g[..............
#.......########..........
#.......## #..........
.........#######..........
......##g@..)...........<.
#####..g###....#....†.....
###.##......).........
#...............>.....
#....###.#.....###.......
...### #............#####
.. ###.....####.# #.......
#.# # ..=...## #.# #


You could see a gnoll shaman and a gnoll.

Vanquished Creatures
  A scorpion (D:3)
  A centaur skeleton (D:3)
  5 gnolls
  2 adders
  2 worms (D:2)
  2 dart slugs
  3 leopard geckos (D:1)
  An orc (D:2)
  6 bats
  2 giant cockroaches
  8 goblins
  5 hobgoblins
  6 jackals (D:1)
  A quokka (D:2)
  3 frilled lizards (D:3)
  5 kobolds
  12 rats
65 creatures vanquished.

Notes
Turn   | Place    | Note
-------+----------+-------------------------------------------
     0 | D:1      | budo the Kobold Berserker began the quest for the Orb.
     0 | D:1      | Reached XP level 1. HP: 14/14 MP: 1/1
    64 | D:1      | Reached skill level 1 in Stealth
    65 | D:1      | Reached XP level 2. HP: 4/19 MP: 2/2
   390 | D:1      | Reached XP level 3. HP: 6/23 MP: 3/3
   471 | D:1      | HP: 1/34 [leopard gecko (2)]
   476 | D:1      | Reached ** piety under Trog
  1270 | D:2      | Reached XP level 4. HP: 29/29 MP: 4/4
  2044 | D:3      | Noticed an ogre
  2183 | D:3      | Reached XP level 5. HP: 16/33 MP: 5/5
  2198 | D:3      | Reached skill level 5 in Short Blades
  2307 | D:3      | Reached XP level 6. HP: 38/38 MP: 6/6
  2348 | D:3      | Slain by a gnoll

Vault maps used:
D:1:      scummos_arrival_simple_crosswalls

Skill      XL: |  1  2  3  4  5 |
---------------+----------------+-----
Stealth        | 1 2 3 4 |  4.8
Dodging        | 3 |  3.9
Fighting       | 4 |  4.3
Short Blades   | 5 |  5.1
Armour         | |  1.5

Action                   |  1- 3 |  4- 6 || total
-------------------------+-------+-------++-------
Melee: Short sword       |   125 |   174 ||   299
Throw: Stone             |    17 |    11 ||    28
Invok: Berserk           |     8 |     4 ||    12
       Trog's Hand       |       |     1 ||     1
  Use: Scroll            |     5 |     2 ||     7
       Potion            |     1 |     4 ||     5
 Stab: Sleeping          |     2 |     2 ||     4
  Eat: Chunk             |    14 |     7 ||    21
Armor: Animal skin       |    10 |    17 ||    27
Dodge: Dodged            |   112 |   111 ||   223
Block: Other             |       |    24 ||    24
       Reflection        |       |     1 ||     1

Table legend:
 A = Spawn XP
 B = Non-spawn XP
 C = Spawn XP percentage of total XP
 D = Spawn monster count
 E = Non-spawn monster count
 F = Spawn count percentage of total count
 G = Total turns spent on level
                    A         B        C        D         E        F      G
               +---------+---------+-------+---------+---------+-------+---------
         Total |       0 |     314 |   0.0 |       0 |      64 |   0.0 |  2348
               +---------+---------+-------+---------+---------+-------+---------
           D:1 |       0 |      66 |   0.0 |       0 |      32 |   0.0 |  1259
           D:2 |       0 |      44 |   0.0 |       0 |      13 |   0.0 |   840
           D:3 |       0 |     204 |   0.0 |       0 |      19 |   0.0 |   249
               +---------+---------+-------+---------+---------+-------+---------
